 Dungeon Crawl Stone Soup version 0.24.0-1-gfbc8707122 (webtiles) character file.

Game seed: 17554377827746947451, levelgen mode: deterministic

66 MTVSty1e the Chopper (level 3, 0/33 HPs)
             Began as a Minotaur Fighter on Oct 28, 2019.
             Succumbed to an adder's poison
             ... on level 2 of the Dungeon.
             The game lasted 00:01:03 (813 turns).

MTVSty1e the Chopper (Minotaur Fighter)              Turns: 813, Time: 00:01:04

Health: 0/33       AC:  8    Str: 21    XL:     3   Next: 96%
Magic:  2/2        EV:  7    Int:  5    God:
Gold:   82         SH:  9    Dex:  9    Spells: 2/2 levels left

rFire    . . .     SeeInvis .   a - +0 war axe
rCold    . . .     Gourm    .   c - +0 shield
rNeg     . . .     Faith    .   b - +0 scale mail
rPois    .         Spirit   .   g - +1 hat
rElec    .         Reflect  .   (no cloak)
rCorr    .         Harm     .   (no gloves)
MR       .....                  (no boots)
Stlth    ..........             (no amulet)
HPRegen  0.11/turn              (no ring)
MPRegen  0.08/turn              (no ring)

@: lethally poisoned (0 -> -8)
A: retaliatory headbutt, horns 2
a: no special abilities


You were on level 2 of the Dungeon.
You were not hungry.

You visited 1 branch of the dungeon, and saw 2 of its levels.

You collected 82 gold pieces.

Inventory:

Hand Weapons
 a - a +0 war axe (weapon)
Armour
 b - a +0 scale mail (worn)
 c - a +0 shield (worn)
 g - a +1 hat (worn)
Jewellery
 j - an uncursed amulet of regeneration {unknown}
 k - an uncursed ring of wizardry {unknown}
Scrolls
 e - 2 scrolls of enchant weapon {unknown}
 h - a scroll of teleportation {unknown}
 i - 2 scrolls of immolation {unknown}
Potions
 d - a potion of might
Comestibles
 f - 6 rations


   Skills:
 - Level 3.9 Fighting
 + Level 4.7 Axes
 - Level 3.7 Armour
 - Level 3.9 Shields


You had 2 spell levels left.
You didn't know any spells.
Your spell library was empty.

Dungeon Overview and Level Annotations

Branches:
Dungeon (2/15)

Altars:


Innate Abilities, Weirdness & Mutations

You reflexively headbutt those who attack you in melee.
You have a pair of horns on your head.


Message History

The adder is moderately wounded.
* * * LOW HITPOINT WARNING * * *
You feel sick. You block the adder's attack.
Okay, then.
You hit the adder. Your headbutt misses the adder.
The adder is heavily wounded.
* * * LOW HITPOINT WARNING * * *
You feel sick. The adder bites you but does no damage.
You block the adder's attack.
You miss the adder.
The adder is heavily wounded.
* * * LOW HITPOINT WARNING * * *
You feel sick. You block the adder's attack. x2
You hit the adder. Your headbutt misses the adder.
The adder is almost dead.
* * * LOW HITPOINT WARNING * * *
You feel sick. You block the adder's attack. The adder barely misses you.
You furiously retaliate!
You headbutt the adder.
You kill the adder!
You die...

#..#.## #....##
########.#.###
#.............
#######.#####.##..##
.....#.#####....#..
...#.##......###.
####.#(##(##..## ##
#g@.(.....##.## #
..!....##.#........##
## ....###
#.#######...###. ...
..# #.)).#.. . ...#
#.###.#. ##... #.#
#.#. #... ..# ....
#... #..##.... #..
#....


You could see a goblin.

Vanquished Creatures
  A bullfrog skeleton (D:2)
  An adder (D:2)
  A worm (D:2)
  2 leopard geckos
  A ball python (D:1)
  2 giant cockroaches (D:1)
  3 goblins
  5 hobgoblins
  2 kobolds
  A quokka (D:2)
  A bat (D:1)
  2 frilled lizards
22 creatures vanquished.

Notes
Turn   | Place    | Note
-------+----------+-------------------------------------------
     0 | D:1      | MTVSty1e the Minotaur Fighter began the quest for the Orb.
     0 | D:1      | Reached XP level 1. HP: 19/19 MP: 0/0
   114 | D:1      | Reached XP level 2. HP: 27/27 MP: 1/1
   226 | D:1      | You fall into a shaft and drop 1 floor!
   230 | D:2      | Reached skill level 3 in Axes
   794 | D:2      | Reached skill level 4 in Axes
   794 | D:2      | Reached XP level 3. HP: 27/33 MP: 2/2
   811 | D:2      | HP: 1/33 [poisoned by an adder]
   813 | D:2      | Succumbed to an adder's poison

Levels and vault maps discovered:
D:1:      lightli_arrival_boilingwater, layout_rooms
D:2:      layout_loops_cross

Skill      XL: |  1  2 |
---------------+-------+-----
Axes           | 4 |  4.7
Fighting       | |  3.9
Armour         | |  3.7
Shields        | |  3.9

Action                   || total
-------------------------++-------
Melee: War axe           ||    66
       Headbutt          ||     5
Armor: Scale mail        ||    27
Dodge: Dodged            ||    22
Block: Shield            ||    37
